 Dungeon Crawl Stone Soup version 0.23.2-1-ga50397a6bc (webtiles) character file.

Game seed: 5610360879527499828

163 Divind the Chopper (level 5, 0/47 HPs)
             Began as a Hill Orc Monk on Apr 19, 2019.
             Killed by nerve-wracking pain
             ... invoked by an orc priest
              (11 damage)
             ... on level 3 of the Dungeon.
             The game lasted 00:28:13 (2270 turns).

Divind the Chopper (Hill Orc Monk)                  Turns: 2270, Time: 00:28:14

Health: 0/47       AC:  8    Str: 15    XL:     5   Next: 44%
Magic:  14/14      EV: 11    Int: 10    God:
Gold:   155        SH:  0    Dex: 13    Spells: 4/4 levels left

rFire    + . .     SeeInvis .   a - +1 hand axe
rCold    . . .     Gourm    .   (no shield)
rNeg     . . .     Faith    .   d - +2 ring mail {rF+}
rPois    .         Spirit   .   l - +0 helmet
rElec    .         Reflect  .   (no cloak)
rCorr    .         Harm     .   (no gloves)
MR       .....                  (no boots)
Stlth    +.........             (no amulet)
HPRegen  0.15/turn              f - ring of magical power
MPRegen  0.14/turn              (no ring)

@: no status effects
A: no striking features
a: Convert to Beogh


You were on level 3 of the Dungeon.
You were not hungry.

You visited 1 branch of the dungeon, and saw 3 of its levels.

You collected 155 gold pieces.

Inventory:

Hand Weapons
 a - a +1 hand axe (weapon)
Armour
 b - a +0 robe
 d - a +2 ring mail of fire resistance (worn)
 l - a +0 helmet (worn)
Jewellery
 f - a ring of magical power (left hand)
 i - an uncursed ring of ice
Scrolls
 e - a scroll of enchant weapon
 h - 4 scrolls of identify {unknown}
 k - a scroll of magic mapping {unknown}
 m - 2 scrolls of remove curse {unknown}
 n - 2 scrolls of teleportation
Potions
 g - 3 potions of haste
 j - a potion of curing
Comestibles
 c - a ration


   Skills:
 + Level 4.3 Fighting
 + Level 5.7 Axes
 * Level 2.6 Armour
 + Level 2.8 Dodging
 + Level 1.9 Stealth


You had 4 spell levels left.
You didn't know any spells.
Your spell library was empty.

Dungeon Overview and Level Annotations

Branches:
Dungeon (3/15)

Altars:
Ashenzari
Makhleb
Nemelex Xobeh
Vehumet


Message History

The orc hits you but does no damage.
You slash the orc!
You kill the orc!
The orc priest mumbles some strange prayers to Beogh against you.
Beogh smites you!
You hit the orc priest.
The orc priest shouts, "Join the one true god or die!"
The orc priest is moderately wounded.
The orc priest hits you with a +0 hand axe.
You hit the orc priest.
The orc priest is severely wounded.
The orc priest invokes the aid of Beogh against you.
Beogh smites you!
* * * LOW HITPOINT WARNING * * *
The orc priest hits you but does no damage.
You slash the orc priest!
You kill the orc priest!
The orc priest mumbles some strange prayers to Beogh against you.
Pain shoots through your body!
You die...

############
#...........
#.###...###.
#####(##.###.##.
#....((..# #....
#.).#.##.# #.#..
#########...........##.#
.......@)...#.##.### #.#
####.####o.##.##.# #.#
#..##.##.# #.#
#.$##..... #.. #..####
.. ### #..# . #.o.# .
#..## ..#.


You could see an orc priest.

Vanquished Creatures
  A hound (D:3)
  An orc priest (D:3)
  4 adders (D:2)
  A worm (D:2)
  2 dart slugs
  2 orcs (D:3)
  9 bats
  4 giant cockroaches
  3 goblins
  4 hobgoblins
  6 jackals
  8 kobolds
  A quokka (D:2)
  4 frilled lizards
  8 rats
58 creatures vanquished.

Notes
Turn   | Place    | Note
-------+----------+-------------------------------------------
     0 | D:1      | Divind the Hill Orc Monk began the quest for the Orb.
     0 | D:1      | Reached XP level 1. HP: 19/19 MP: 1/1
   342 | D:1      | Reached XP level 2. HP: 23/27 MP: 2/2
   393 | D:1      | Reached skill level 1 in Armour
  1163 | D:2      | Reached XP level 3. HP: 33/33 MP: 3/3
  1366 | D:2      | Found a radiant altar of Vehumet.
  1381 | D:2      | Reached XP level 4. HP: 26/40 MP: 4/4
  1518 | D:2      | Found a shattered altar of Ashenzari.
  1528 | D:2      | Reached skill level 5 in Axes
  2087 | D:3      | Found a sparkling altar of Nemelex Xobeh.
  2154 | D:3      | Found a burning altar of Makhleb.
  2230 | D:3      | Reached XP level 5. HP: 42/46 MP: 5/5
  2270 | D:3      | Killed from afar by an orc priest

Skill      XL: |  1  2  3  4 |
---------------+-------------+-----
Armour         | 1 2 |  2.6
Fighting       | 4 |  4.3
Axes           | 5 |  5.7
Dodging        | |  2.8
Stealth        | |  1.9

Action                   |  1- 3 |  4- 6 || total
-------------------------+-------+-------++-------
Melee: Hand axe          |   111 |    80 ||   191
  Use: Scroll            |     4 |       ||     4
       Potion            |     4 |       ||     4
 Stab: Sleeping          |     1 |       ||     1
  Eat: Ration            |     1 |     1 ||     2
Armor: Ring mail         |    82 |    53 ||   135
Dodge: Dodged            |   144 |    45 ||   189
